badnik, neutral male scurrid Ranger }}}}}}}}}}}}}}}}}}}}}}}}}}} }}}}}}}}}}}}}}}}}}}}}}}}}}}} }}}.}}}}}}}}}}}}}}}}}} }}}}}}}}}}}}}.}}}}}}}} #.}}}}}}}}}}}}}}}}}} }}}}}}}}.}}}.. }}}}}}}}}..}}}}. #.}}}}}}...# #..}}}}}I<.}}}}}.....# #......}}}}.I# }}.}}}.}}...}}}}}.# ....} #.}}}}.... }.# }}}}}}}}}}..# }}}}}}}}}#.}} }..... }}}}}}}}}}}} }}}} # }}}}}}}}.}}}}}} }}}} }}}}}}}}....}}}}} }}}# }}}}}}}}}}}.#...}}}}} }.# }}.`..}}}}}}}. `}}.}}}}} }}} }}}}}}* #..}}}}} }}}}}}}}.. }}. .}}}}}}} # ....}}} }}}}}}}..#[ }.# .}...}.. #`#.}}} }}.}}}}}}} . .. }..}}}.. }}}} }}...}}}}}} } }# }}}}}).}` .}}} }}}.#..}}}}} }} } }}}}}}} }}}} }}} }`}}}}}} }} } }}}}} }}}} }}}} }}}}}}}} }} badnik the Tenderfoot Experience level: 1 Strength: 16 Dexterity: 10 Constitution: 14 Intelligence: 14 Wisdom: 13 Charisma: 8 Health: 0(14) Energy: 2(2) Def: 3 Gold: 609 Moves: 144 Dungeon seed: gRj4kzFsBIY-l0SY Game ID: badnik_1498610956 Your Inventory: Coins $ - 609 gold pieces Weapons b - a blessed +2 dart c - 25 uncursed +2 darts d - 17 uncursed +0 darts Armor e - an uncursed +2 cloak of displacement (being worn) Comestibles f - 4 uncursed chestnuts Scrolls i - an uncursed scroll of light Rings h - a cursed ring of polymorph Wands g - an uncursed wand of slow monster (0:3) j - an uncursed wand of locking (0:8) Spells and supernatural/magical abilities: Name Level Category Fail Memory W - pray for help -- divine ? -- Your skills at the end: Miscellaneous Skills wands [Basic] Weapon Skills dart [Basic] Spellcasting Skills Final Attributes: You were devoutly aligned. You were blinded. You had automatic searching. You had infravision. You were displaced. You were very stealthy. You are dead. Vanquished creatures: a goblin Voluntary challenges: You went without food. You did not adorn yourself with jewelry or accessories. You did not cause conflict. You were not invisible. You did not have reflection. You were an atheist. You never hit with a wielded weapon. You were a pacifist. You did not use tools. You did not use sinks. You did not drink any magical draughts. You were illiterate. You never genocided any monsters. You never polymorphed an object. You never changed form. You used no wishes. You never split a pudding. You never wrote Elbereth's name. You never violated your personal moral code. Dungeon overview: The Dungeons of Doom: levels 1 to 25 Level 1 a long staircase Level 2 Level 3 Level 4 Level 5 some fountains Level 6 a long staircase Level 7 Level 8 an altar to Mercury Level 9 Level 10 a fountain Level 11 Level 12 Level 13 an altar to Mars Level 14 Level 15 Level 16 Level 17 Level 18 Level 19 Level 20 a fountain Level 21 Level 22 Level 23 Level 24 Level 25 <- You were here many trees History has recorded: On T:1 you entered the Dungeons of Doom to retrieve the Amulet of Yendor! On T:6 you reached level 2 of The Dungeons of Doom. On T:11 you reached level 3 of The Dungeons of Doom. On T:22 you reached level 4 of The Dungeons of Doom. On T:28 you reached level 5 of The Dungeons of Doom. On T:33 you reached level 6 of The Dungeons of Doom. On T:38 you reached level 7 of The Dungeons of Doom. On T:43 you reached level 8 of The Dungeons of Doom. On T:54 you reached level 9 of The Dungeons of Doom. On T:58 you reached level 10 of The Dungeons of Doom. On T:63 you reached level 11 of The Dungeons of Doom. On T:68 you reached level 12 of The Dungeons of Doom. On T:70 you reached level 13 of The Dungeons of Doom. On T:80 you reached level 14 of The Dungeons of Doom. On T:85 you reached level 15 of The Dungeons of Doom. On T:85 you entered the Rogue tribute level. On T:91 you reached level 16 of The Dungeons of Doom. On T:97 you reached level 17 of The Dungeons of Doom. On T:105 you reached level 18 of The Dungeons of Doom. On T:115 you reached level 20 of The Dungeons of Doom. On T:126 you reached level 21 of The Dungeons of Doom. On T:131 you reached level 22 of The Dungeons of Doom. On T:136 you reached level 23 of The Dungeons of Doom. On T:141 you reached level 24 of The Dungeons of Doom. On T:143 you reached level 25 of The Dungeons of Doom. Score breakdown: Gold: 609 ( 60 points) Experience: 1 level ( 0 points) Exploration: 25 levels ( 720 points) Discoveries: 3 items ( 150 points) Variety of kills: 1 monster ( 50 points) Major goal: (nothing yet) ( 0 points) Survival: died (score multiplied by 3) Total score: 2940 Latest messages: You start digging downward. You continue digging downward. You dig a pit in the floor. You continue digging downward. You dig a hole through the floor. You fall through... You start digging downward. You continue digging downward. You dig a pit in the floor. You are still in a pit. You crawl to the edge of the pit. You go down into the pit. You continue digging downward. You dig a hole through the floor. You fall through... The door resists! The raven pecks! The raven blinds you! You start digging downward. The stairs are too hard to dig in. Something pecks! (3x) You die... Final status: Goodbye badnik the Ranger, killed by a raven... You died in The Dungeons of Doom on dungeon level 25 with 2940 points, and 609 pieces of gold, after 144 moves. You were level 1 with a maximum of 14 hit points when you died.